 Dungeon Crawl Stone Soup version 0.31-a0-986-g5e6e4ef867 (webtiles) character file.

Game seed: 4876951926884267490

2618 FakeRyeBread the Grappler (level 9, -9/89 HPs)
             Began as a Troll Fighter on Nov 10, 2023.
             Was a Believer of Wu Jian.
             Mangled by a six-headed hydra (10 damage)
             ... on level 8 of the Dungeon.
             The game lasted 00:10:07 (5726 turns).

FakeRyeBread the Grappler (Troll Fighter)           Turns: 5726, Time: 00:10:08

Health: -9/89      AC:  4    Str: 26    XL:     9   Next: 34%
Magic:  8/8        EV:  9    Int:  8    God:    Wu Jian [**....]
Gold:   384        SH: 11    Dex:  9    Spells: 8/8 levels left

rFire   . .          .
                       - Unarmed
rCold   . . .        b - +2 kite shield
rNeg    . . .        a - +0 robe
rPois   .            (helmet restricted)
rElec   .            (no cloak)
rCorr   .            (gloves unavailable)
SInv    .            (boots unavailable)
Will    .....        (no amulet)
Stlth   +            (no ring)
HPRegen 1.14/turn    (no ring)
MPRegen 0.11/turn

%: no passive effects
@: about to teleport
A: large, unfitting armour, claws 3, regeneration 1, shaggy fur 1, tough skin 1
a: Renounce Religion, Wall Jump


You were on level 8 of the Dungeon.
You worshipped Wu Jian.
Wu Jian was pleased with you.
You visited 2 branches of the dungeon, and saw 9 of its levels.

You collected 384 gold pieces.

Inventory:

Missiles
 k - 10 poisoned darts
 m - 34 stones
Armour
 a - a +0 robe (worn)
 b - a +2 kite shield (worn)
Wands
 l - a wand of flame (5)
 p - a wand of polymorph (24)
 t - a wand of iceblast (4)
Scrolls
 g - 2 scrolls of immolation
 h - 2 scrolls of teleportation
 o - a scroll of fog
Potions
 c - 4 potions of might
 d - a potion of curing
 e - a potion of mutation
 f - a potion of enlightenment
 i - 2 potions of brilliance
 j - 2 potions of berserk rage
 n - a potion of invisibility
 q - a potion of ambrosia {unknown}
 r - a potion of cancellation
 s - a potion of heal wounds {unknown}


   Skills:
 + Level 5.8 Fighting
 + Level 3.0 Dodging
 + Level 6.3 Shields
 * Level 9.2 Unarmed Combat


You had 8 spell levels left.
You didn't know any spells.
Your spell library contained the following spells:

 Spells                   Type           Power      Damage    Failure   Level
 Magic Dart               Conj           0%         1d3       63%         1
 Blink                    Tloc           0%         N/A       77%         2
 Call Imp                 Summ           0%         N/A       77%         2
 Lesser Beckoning         Tloc           0%         N/A       77%         2
 Momentum Strike          Conj/Tloc      0%         3d8       77%         2
 Wereblood                Tmut           0%         N/A       77%         2
 Gell's Gravitas          Tloc           0%         N/A       94%         3
 Mephitic Cloud           Conj/Pois/Air  0%         N/A       94%         3
 Teleport Other           Tloc           0%         N/A       94%         3
 Summon Ice Beast         Ice/Summ       0%         N/A       100%        4
 Irradiate                Conj/Tmut      0%         3d11      100%        5
 Summon Mana Viper        Hex/Summ       0%         N/A       100%        5
 Simulacrum               Ice/Necr       0%         N/A       100%        6
 Monstrous Menagerie      Summ           0%         N/A       100%        7
 Ozocubu's Refrigeration  Ice            0%         4d7       100%        7
 Polar Vortex             Ice            0%         N/A       100%        9


Dungeon Overview and Level Annotations

Branches:
Dungeon (8/15)             Temple (1/1) D:4
   Lair: D:8-11

Altars:
Cheibriados
Dithmenos
Fedhas
Hepliaklqana
Kikubaaqudgha
Makhleb
Nemelex Xobeh
Okawaru
Qazlal
Ru
Sif Muna
Trog
Uskayaw
Vehumet
Wu Jian
Xom
Yredelemnul


Innate Abilities, Weirdness & Mutations

You are too large for most types of armour.
You have claws for hands.
Your natural rate of healing is unusually fast.
You are covered in fur. (AC +1)
You have tough skin. (AC +1)


Message History

A tengu warrior comes into view. It is wielding a +0 war axe.
The centaur wields a +0 orcbow.
The centaur shoots an arrow.
The arrow barely misses you.
The tengu warrior moves out of view.
The centaur shoots an arrow.
You block the arrow.
Items here: )) [[ ††.
The six-headed hydra attacks as it pursues you!
The six-headed hydra bites you! x2; The six-headed hydra bites you.
The six-headed hydra bites you!
You block the six-headed hydra's attack.
The six-headed hydra bites you!
The six-headed hydra bites you but does no damage.
The six-headed hydra bites you.
The six-headed hydra closely misses you.
You block the six-headed hydra's attack.
The six-headed hydra bites you but does no damage.
The six-headed hydra closely misses you.
Found 5 stones.
As you read the scroll of teleportation, it crumbles to dust.
You feel strangely unstable. The six-headed hydra bites you.
The six-headed hydra closely misses you.
The six-headed hydra bites you!
You block the six-headed hydra's attack.
The six-headed hydra closely misses you.
The six-headed hydra bites you!
* * * LOW HITPOINT WARNING * * *
The six-headed hydra attacks as it pursues you!
The six-headed hydra completely misses you.
You block the six-headed hydra's attack. x2
The six-headed hydra bites you but does no damage.
The six-headed hydra barely misses you. The six-headed hydra bites you!
* * * LOW HITPOINT WARNING * * *
Found a fuming ruby potion.
An orc comes into view. It is wielding a +1 heavy hand axe.
The six-headed hydra attacks as it pursues you!
The six-headed hydra bites you!
* * * LOW HITPOINT WARNING * * *
The six-headed hydra bites you.
* * * LOW HITPOINT WARNING * * *
The six-headed hydra bites you!
You die...

....# ....# ....#
....# !(.. #####
..# .
..#....##..#....
........@.......
####..D###########
♣...♣♣..Q♣♣ ♣.♣
♣o.♣♣♣..♣♣♣.♣♣♣.♣♣#
♣. ♣..♣ ♣..Q.♣..# ♣
♣..♣ ♣.♣♣♣Q♣♣#
.♣♣...♣♣ ♣.♣ ##
#######)###
####QD.#.♣Q♣.#


You could see a six-headed hydra and an orc (wandering).

Vanquished Creatures
  A yak (D:8)
  A steam dragon (D:7)
  A water moccasin (D:7)
  2 orc warriors
  A sky beast (D:7)
  A black bear (D:6)
  2 ogres
  2 phantoms
  A kobold brigand (D:8)
  5 scorpions
  4 bullfrogs
  A gnoll sergeant (D:7)
  3 hounds
  4 jellies
  3 orc priests (D:5)
  A gnoll bouda (D:8)
  3 iguanas
  2 sleepcaps (D:7)
  7 orc wizards
  3 gnolls (D:5)
  8 adders
  4 white imps
  A worm (D:5)
  3 dart slugs
  28 orcs
  5 bats
  6 endoplasms
  3 giant cockroaches (D:2)
  6 goblins
  13 hobgoblins
  2 jackals (D:1)
  6 kobolds
  6 quokkas
  10 ball pythons
  2 frilled lizards (D:2)
  7 rats
158 creatures vanquished.

Vanquished Creatures (others)
  An arcanist (D:6)
1 creature vanquished.

Grand Total: 159 creatures vanquished

Notes
Turn   | Place    | Note
-------+----------+-------------------------------------------
     0 | D:1      | FakeRyeBread the Troll Fighter began the quest for the Orb.
     0 | D:1      | Reached XP level 1. HP: 22/22 MP: 0/0
    10 | D:1      | You fall into a shaft and drop 1 floor!
    77 | D:2      | Reached XP level 2. HP: 26/29 MP: 1/1
   105 | D:2      | Identified the +9 dagger of Turmoil {holy, rN++ Dex+4}
   357 | D:1      | Reached XP level 3. HP: 36/36 MP: 2/2
   519 | D:1      | Reached skill level 3 in Unarmed Combat
   910 | D:2      | Noticed a scorpion
   911 | D:2      | Found a faded altar of an unknown god.
   922 | D:2      | Killed a scorpion
   923 | D:2      | Reached XP level 4. HP: 4/45 MP: 3/3
  1335 | D:3      | Reached XP level 5. HP: 53/53 MP: 4/4
  1383 | D:3      | Reached skill level 4 in Unarmed Combat
  1775 | D:3      | Found a stormy altar of Qazlal.
  2305 | D:4      | Found a staircase to the Ecumenical Temple.
  2314 | Temple   | Entered the Ecumenical Temple
  2326 | Temple   | Became a worshipper of the Wu Jian Council
  2403 | D:4      | Reached XP level 6. HP: 52/61 MP: 5/5
  2655 | D:4      | Reached skill level 5 in Unarmed Combat
  2737 | D:5      | Entered Level 5 of the Dungeon
  2820 | D:5      | Reached XP level 7. HP: 34/68 MP: 6/6
  2909 | D:5      | Reached * piety under Wu Jian
  2936 | D:5      | Reached skill level 6 in Unarmed Combat
  3643 | D:6      | Found a shimmering altar of Xom.
  3717 | D:6      | Found a burning altar of Makhleb.
  3819 | D:6      | Reached XP level 8. HP: 79/79 MP: 7/7
  3822 | D:6      | Reached skill level 5 in Shields
  3827 | D:6      | Reached skill level 7 in Unarmed Combat
  3930 | D:6      | Found a hazy altar of Hepliaklqana.
  4024 | D:6      | Found a bloodstained altar of Trog.
  4025 | D:6      | Noticed an arcanist
  4030 | D:6      | Killed an arcanist
  4153 | D:6      | Reached ** piety under Wu Jian
  4154 | D:6      | Reached skill level 5 in Fighting
  4241 | D:6      | Found a sparkling altar of Nemelex Xobeh.
  4435 | D:7      | Reached skill level 8 in Unarmed Combat
  4719 | D:7      | Reached XP level 9. HP: 55/88 MP: 8/8
  5630 | D:8      | Reached skill level 9 in Unarmed Combat
  5701 | D:8      | Noticed a six-headed hydra
  5702 | D:8      | Noticed a tengu warrior
  5726 | D:8      | HP: 3/89 [six-headed hydra (8)]
  5726 | D:8      | HP: 1/89 [six-headed hydra (2)]
  5726 | D:8      | Mangled by a six-headed hydra

Illustrated notes

Levels and vault maps discovered:
D:1:      shiori_arrival_maze, layout_loops_cross, minmay_misc_feat_doors,
          nrook_mini_backslash
D:2:      layout_loops_ring, dreamdust_ecumenical_altar_statues
D:3:      layout_basic, marbit_many_paths, nrook_loot_triangle,
          grunt_decor_one_mirror
D:4:      layout_basic, minmay_temple_entry_statues_fountains, st_stairs_6,
          minmay_hedge_maze, hangedman_decor_growths, kennysheep_small_square
D:5:      layout_loops_ring, grunt_ministairs_12
D:6:      layout_basic, general_overflow_altar, lemuel_round_altar, trog_wizard,
          nemelex_diamond_rough_becter, xom_butterflies,
          nicolae_figureground_pulse
D:7:      layout_basic, minivault_1, st_stairs_2, grunt_decor_clamped
D:8:      nzn_winding_woodlands_medium [nzn_winding_woodlands_5x5_three,
          nzn_winding_woodlands_5x15_zeroes, nzn_winding_woodlands_5x5_cross,
          nzn_winding_woodlands_5x5_open_star,
          nzn_winding_woodlands_center_lodge,
          nzn_winding_woodlands_5x5_checkerboard,
          nzn_winding_woodlands_5x5_default,
          nzn_winding_woodlands_5x15_split_checker,
          nzn_winding_woodlands_5x5_perimeter], layout_gridville,
          good_gods_temple_1, lemuel_tele_altar,
          mainiacjoe_overflow_six_doors_small, serial_co_window_serial,
          co_window_paths_a, co_window_paths_a, co_window_paths_b,
          co_window_paths_b, co_window_corner_a, co_window_unsneaky_path_c,
          co_window_2corner, glass_columns_c, glass_columns_c,
          kennysheep_generic_room_6, uniq_prince_ribbit1, uniq_pikel,
          uniq_maggie
Temple:   nicolae_temple_bog_church

Skill      XL: |  1  2  3  4  5  6  7  8  9 |
---------------+----------------------------+-----
Shields        | 3 4 6 |  6.3
Unarmed Combat | 3 4 5 6 8 9 |  9.2
Fighting       | 3 4 5 |  5.8
Dodging        | 3 |  3.0

Action                     |  1- 3 |  4- 6 |  7- 9 || total
---------------------------+-------+-------+-------++-------
  Melee: Unarmed           |    91 |   113 |   266 ||   470
Ability: Lunge             |       |       |    14 ||    14
         Whirlwind         |       |       |     2 ||     2
    Use: Potion            |     1 |       |       ||     1
         Scroll            |       |    13 |     3 ||    16
   Stab: Sleeping          |     2 |       |       ||     2
 Armour: Robe              |    49 |    54 |   180 ||   283
  Dodge: Dodged            |    36 |    24 |    84 ||   144
  Block: Kite shield       |    30 |    49 |    96 ||   175

Table legend: (Time is in decaauts)
 A = Elapsed time spent in this place.
 B = Non-inter-level travel time spent in this place.
 C = Inter-level travel time spent in this place.
 D = Time resting spent in this place.
 E = Time spent auto-exploring this place.
 F = Levels seen in this place.
 G = Mean time per level.
                   A        B        C        D        E       F      G
               +--------+--------+--------+--------+--------+-----+--------+
         Total |   5726 |   5352 |    374 |    370 |   4044 |   9 |  636.2 |
       Dungeon |   5702 |   5350 |    352 |    370 |   4044 |   8 |  712.8 |
        Temple |     24 |      2 |     22 |      0 |      0 |   1 |   24.0 |
               +--------+--------+--------+--------+--------+-----+--------+

Top non-repeatable levels by time:
     D:7: 1221 daAuts
     D:3: 891 daAuts
     D:6: 842 daAuts
     D:5: 787 daAuts
     D:1: 664 daAuts
     D:2: 639 daAuts
     D:4: 526 daAuts
     D:8: 129 daAuts
  Temple: 24 daAuts
